 Dungeon Crawl Stone Soup version 0.31-a0-267-g3fc6992b3b (webtiles) character file.

Game seed: 1734157893485345778

100 qw the Shooter (level 4, -3/26 HPs)
             Began as a Gargoyle Hexslinger on July 13, 2023.
             Frozen to death by an endoplasm (4 damage)
             ... on level 2 of the Dungeon.
             The game lasted 00:00:38 (1153 turns).

qw the Shooter (Gargoyle Hexslinger)                Turns: 1153, Time: 00:00:38

Health: -3/26      AC:  9    Str: 12    XL:     4   Next: 73%
Magic:  5/5        EV: 10    Int: 13    God:
Gold:   110        SH:  0    Dex: 14    Spells: 4/5 levels left

rFire   . . .        Y - +1 sling
rCold   . . .        (no shield)
rNeg    + . .        g - +0 ring mail
rPois   inf          (no helmet)
rElec   +            (no cloak)
rCorr   .            e - +0 pair of gloves
SInv    .            (no boots)
Will    .....        (no amulet)
Stlth   +            (no ring)
HPRegen 0.24/turn    (no ring)
MPRegen 0.09/turn

%: no passive effects
@: no status effects
A: sickness immunity, AC +3, negative energy resistance 1, electricity
resistance, torment resistance 1, petrification resistance
a: no special abilities


You were on level 2 of the Dungeon.
You visited 1 branch of the dungeon, and saw 3 of its levels.

You collected 110 gold pieces.


Innate Abilities, Weirdness & Mutations

You are immune to sickness and miasma.
Your stone body is resilient. (AC +3)
You are immune to poison.
You resist negative energy. (rN+)
You are resistant to electric shocks. (rElec)
You are resistant to unholy torment.
You are immune to petrification.


   Skills:
 - Level 2.0 Fighting
 + Level 4.2 Ranged Weapons
 - Level 1.3 Armour
 - Level 1.5 Dodging
 - Level 1.0 Spellcasting
 - Level 2.6 Hexes


You had 4 spell levels left.
You knew the following spells:

 Your Spells              Type           Power      Damage    Failure   Level
a - Slow                  Hex            28%        N/A       21%         1

Your spell library contained the following spells:

 Spells                   Type           Power      Damage    Failure   Level
 Inner Flame              Hex/Fire       4%         N/A       71%         3
 Portal Projectile        Hex/Tloc       8%         N/A       71%         3
 Cause Fear               Hex            3%         N/A       90%         4

Inventory:

Hand Weapons
 Y - a +1 sling (weapon)
Armour
 e - a +0 pair of gloves (worn)
 g - a +0 ring mail (worn)
Scrolls
 f - a scroll of identify
Potions
 a - a potion of attraction {unknown}
 b - a potion of berserk rage {unknown}
 d - a potion of curing {unknown}

Dungeon Overview and Level Annotations

Branches:
Dungeon (3/15)

Altars:


Message History

The endoplasm closely misses you.
You shoot a sling bullet. The sling bullet hits the adder.
The adder is heavily wounded.
The adder barely misses you. x2; The endoplasm barely misses you.
The adder barely misses you. The adder bites you but does no damage.
You shoot a sling bullet. The sling bullet hits the adder.
The adder is almost dead.
The adder bites you. The adder bites you but does no damage.
The endoplasm hits you but does no damage.
The adder barely misses you. The adder bites you but does no damage.
You shoot a sling bullet. The sling bullet hits the adder.
You kill the adder!
The endoplasm freezes you.
You are frozen.
The adder barely misses you. The endoplasm closely misses you.
You shoot a sling bullet. The sling bullet hits the adder.
The adder is moderately wounded.
The adder bites you but does no damage. The adder barely misses you.
The endoplasm closely misses you.
You shoot a sling bullet. The sling bullet hits the adder.
You kill the adder!
The endoplasm hits you but does no damage.
Your Armour skill increases to level 1!
You shoot a sling bullet.
The sling bullet completely misses the endoplasm.
The endoplasm hits you but does no damage.
The endoplasm freezes you.
You are frozen.
You shoot a sling bullet. The sling bullet hits the endoplasm.
The endoplasm is heavily wounded.
The endoplasm freezes you.
You are frozen.
You shoot a sling bullet.
The sling bullet hits the endoplasm but does no damage.
The endoplasm is heavily wounded.
The endoplasm hits you but does no damage.
You shoot a sling bullet. The sling bullet hits the endoplasm.
The endoplasm is severely wounded.
The endoplasm freezes you.
You are frozen.
You die...

..###.# #.....#####......##
......### #.....##.....##..##
.##.....#######.....##.##........
....................#..##..).###.
.###..#.##..##........##...#...#.
## ##......#####...#.......###.#.
####.......#####..#####....# #.#.
.....####...##.%.#####.....###...
###### #.#....%@###...##........
# #.....#J.##..###...####.. #
####........##.####.#..###.#
#......##......###..##..#..#
#...#..##.######...####.#.##
###.......# ##.### #...#
###..#### ##..# ###..#
#.....####..## #....## #
##..##....#.## ##.##..#


You could see an endoplasm.

Vanquished Creatures
  5 adders (D:2)
  2 worms (D:2)
  A dart slug (D:1)
  4 ball pythons
  5 bats
  3 endoplasms
  5 giant cockroaches
  5 goblins
  4 hobgoblins (D:1)
  5 frilled lizards
  5 kobolds
  5 rats
49 creatures vanquished.

Notes
Turn   | Place    | Note
-------+----------+-------------------------------------------
     0 | D:1      | qw the Gargoyle Hexslinger began the quest for the Orb.
     0 | D:1      | Reached XP level 1. HP: 12/12 MP: 2/2
     0 | D:1      | 0 ||| qw: Version: 0.3-a-52-g30416fa
     0 | D:1      | 0 ||| qw: Game counter: 7752
     0 | D:1      | 0 ||| qw: Melee chars always use a shield: true
     0 | D:1      | 0 ||| qw: God list: Okawaru
     0 | D:1      | 0 ||| qw: Allow faded altars: false
     0 | D:1      | 0 ||| qw: Do Orc after clearing Dungeon:15 true
     0 | D:1      | 0 ||| qw: Do second Lair branch before Depths: true
     0 | D:1      | 0 ||| qw: Lair rune preference: random
     0 | D:1      | 0 ||| qw: Goals: Normal
     0 | D:1      | 0 ||| PLANNING D:1-11
    58 | D:1      | Reached XP level 2. HP: 9/16 MP: 3/3
    86 | D:1      | Found a faded altar of an unknown god.
   117 | D:1      | Reached skill level 3 in Ranged Weapons
   392 | D:1      | Reached XP level 3. HP: 21/21 MP: 4/4
   588 | D:1      | 588 ||| UPGRADING to +0 pair of gloves.
   593 | D:1      | 593 ||| DROPPING ring of magical power.
   594 | D:1      | 594 ||| READING scroll labelled GOARUJAURCH.
   595 | D:1      | 595 ||| READING scroll labelled LIX UJUESE.
   596 | D:1      | 596 ||| DROPPING scroll of poison.
   777 | D:2      | Reached XP level 4. HP: 24/26 MP: 5/5
   853 | D:2      | Reached skill level 4 in Ranged Weapons
  1100 | D:2      | 1100 ||| UPGRADING to +0 ring mail.
  1110 | D:2      | 1110 ||| DROPPING +0 robe.
  1111 | D:2      | 1111 ||| READING 2 scrolls labelled WAUNNO HUUDYVA.
  1141 | D:3      | 1141 ||| STAIRDANCE
  1147 | D:2      | HP: 6/26 [frozen (5)]
  1150 | D:2      | Reached skill level 1 in Armour
  1150 | D:2      | HP: 2/26 [frozen (5)]
  1153 | D:2      | Frozen to death by an endoplasm

Levels and vault maps discovered:
D:1:      dpeg_arrival_rooms_b, layout_rooms,
          hellmonk_ecumenical_altar_crossroads, serial_bayou_pond_d
D:2:      layout_rooms, minmay_misc_feat_plants
D:3:      layout_rooms, nicolae_gozag_cash_rules_everything_around_me,
          gammafunk_ghost_mausoleum, minmay_misc_feat_x,
          kennysheep_jessica_study, uniq_terence

Skill      XL: |  1  2  3  4 |
---------------+-------------+-----
Ranged Weapons | 3 4 |  4.2
Fighting       | 2 |  2.0
Armour         | 1 |  1.3
Dodging        | |  1.5
Spellcasting   | |  1.0
Hexes          | |  2.6

Action                     |  1- 3 |  4- 6 || total
---------------------------+-------+-------++-------
   Fire: Sling             |   130 |    44 ||   174
    Use: Scroll            |     2 |     1 ||     3
 Armour: Robe              |    39 |     5 ||    44
         Ring mail         |       |    13 ||    13
  Dodge: Dodged            |    59 |    25 ||    84

Table legend:
 A = Non-vault XP
 B = Vault XP
 C = Vault XP percentage of total XP
 D = Non-vault monster count
 E = Vault monster count
 F = Vault count percentage of total count
                 A         B        C        D         E       F
            +---------+---------+-------+---------+---------+-------
      Total |     143 |       0 |   0.0 |      49 |       0 |   0.0
            +---------+---------+-------+---------+---------+-------
        D:1 |      47 |       0 |   0.0 |      27 |       0 |   0.0
        D:2 |      94 |       0 |   0.0 |      21 |       0 |   0.0
        D:3 |       2 |       0 |   0.0 |       1 |       0 |   0.0
            +---------+---------+-------+---------+---------+-------
